| TOP OF THE 1ST |
|
Manchester Fisher Cats batting - Pitching for Lynn Sailors : RHP Donald Cline
|
|
Pitching: RHP Donald Cline
|
|
|
Batting: LHB Carlos Cabassa
|
0-0: Called Strike 0-1: Called Strike 0-2: Foul Ball, location: 2F 0-2: Foul Ball, location: 2F 0-2: Fly out, F8 (Flyball, 8RM, EV 90.6 MPH)
|
|
Batting: LHB Tim Derryberry
|
0-0: Called Strike 0-1: Foul Ball, location: 2F 0-2: Ball 1-2: Ball 2-2: SOLO HOME RUN (Flyball, 89XD, EV 103.1 MPH), Distance : 412 ft
|
|
Batting: SHB Stan Javier
|
0-0: Swinging Strike 0-1: Ball 1-1: Swinging Strike 1-2: Reached on error, E4 (Groundball, 4S, EV 83.1 MPH)
|
|
Batting: LHB Jessie Reid
|
0-0: Ball 1-0: Ball 2-0: DOUBLE (Flyball, 8LXD, EV 113.8 MPH) Stan Javier to third Runner from 3rd tries for Home, SAFE, throw by CF to home
|
|
Batting: LHB Herbert Orensky
|
0-0: Ball 1-0: Called Strike 1-1: Foul Ball, location: 2F 1-2: Strikes out looking
|
|
Batting: SHB Danny Hernandez
|
0-0: Called Strike 0-1: Ball 1-1: Foul Ball, location: 2F 1-2: Ground out 3-1 (Groundball, 34, EV 86.3 MPH)
|
| Top of the 1st over - 2 runs, 2 hits, 1 error, 1 left on base; Manchester 2 - Lynn 0 |
| BOTTOM OF THE 1ST |
|
Lynn Sailors batting - Pitching for Manchester Fisher Cats : RHP Mark Dacko
|
|
Pitching: RHP Mark Dacko
|
|
|
Batting: RHB Ron Wotus
|
0-0: Swinging Strike 0-1: Fly out, F9 (Flyball, 9, EV 74.4 MPH)
|
|
Batting: RHB Jorge Hinojosa
|
0-0: Ball 1-0: Called Strike 1-1: Foul Ball, location: 2F 1-2: Foul Ball, location: 2F 1-2: SINGLE (Flyball, 56D, EV 87.5 MPH)
|
|
Batting: RHB Mike Rubel
|
0-0: Foul Ball, location: 2F 0-1: Ball Jorge Hinojosa steals 2nd base 1-1: Ball 2-1: Swinging Strike 2-2: Fly out, F8 (Flyball, 8LS, EV 76.9 MPH)
|
|
Batting: RHB Ken Gerhart
|
0-0: Ball 1-0: Ball 2-0: Foul Ball, location: 2F 2-1: Foul Ball, location: 2F 2-2: Ball 3-2: Foul Ball, location: 2F 3-2: Foul Ball, location: 2F 3-2: Base on Balls
|
|
Batting: RHB Mike Reddish
|
0-0: Called Strike 0-1: Called Strike 0-2: Ball 1-2: Ball 2-2: Strikes out swinging
|
| Bottom of the 1st over - 0 runs, 1 hit, 0 errors, 2 left on base; Manchester 2 - Lynn 0 |
| TOP OF THE 2ND |
|
Manchester Fisher Cats batting - Pitching for Lynn Sailors : RHP Donald Cline
|
|
Batting: RHB Kevin Darst
|
0-0: Ball 1-0: Called Strike 1-1: Ball 2-1: SOLO HOME RUN (Flyball, 7D, EV 98.8 MPH), Distance : 376 ft
|
|
Batting: RHB Randy Johnson
|
0-0: Foul Ball, location: 2F 0-1: Ball 1-1: Ball 2-1: Foul Ball, location: 2F 2-2: Ground out 4-3 (Groundball, 4, EV 75.6 MPH)
|
|
Batting: RHB Reymundo Estevez
|
0-0: Ball 1-0: Called Strike 1-1: Ball 2-1: Foul Ball, location: 2F 2-2: Foul Ball, location: 2F 2-2: SINGLE (Line Drive, 8LS, EV 95.6 MPH)
|
|
Batting: LHB Carlos Cabassa
|
0-0: Called Strike 0-1: Foul Ball, location: 2F 0-2: Strikes out looking
|
|
Batting: LHB Tim Derryberry
|
0-0: Ball Reymundo Estevez steals 2nd base (no throw) 1-0: Swinging Strike 1-1: Ball 2-1: SINGLE (Line Drive, 78S, EV 95.0 MPH) Reymundo Estevez to third Runner from 3rd tries for Home, SAFE, throw by LF to home
|
|
Batting: SHB Stan Javier
|
0-0: Called Strike 0-1: Called Strike 0-2: Ball 1-2: Foul Ball, location: 2F 1-2: Ball 2-2: Strikes out swinging
|
| Top of the 2nd over - 2 runs, 3 hits, 0 errors, 1 left on base; Manchester 4 - Lynn 0 |
| BOTTOM OF THE 2ND |
|
Lynn Sailors batting - Pitching for Manchester Fisher Cats : RHP Mark Dacko
|
|
Batting: LHB Tony Merulla
|
0-0: Ball 1-0: Swinging Strike 1-1: Swinging Strike 1-2: Foul Ball, location: 2F 1-2: Ground out 4-3 (Groundball, 4MD, EV 85.0 MPH)
|
|
Batting: RHB Vinny Jaramillo
|
0-0: Called Strike 0-1: Ball 1-1: Ball 2-1: DOUBLE (Line Drive, 7LS, EV 106.3 MPH)
|
|
Batting: SHB Danny Gans
|
0-0: Ball 1-0: Ball 2-0: Called Strike 2-1: Foul Ball, location: 2F 2-2: Fly out, F7 (Flyball, 78D, EV 109.4 MPH)
|
|
Batting: RHB Ezequiel Carrasco
|
0-0: SINGLE (Flyball, 8RS, EV 90.0 MPH) Vinny Jaramillo to third Runner from 3rd tries for Home, SAFE, throw by CF to home
|
|
Batting: RHB Ron Wotus
|
0-0: Ball 1-0: SINGLE (Line Drive, 6D, EV 106.3 MPH) Ezequiel Carrasco to second
|
|
Batting: RHB Jorge Hinojosa
|
0-0: Ball 1-0: Foul Ball, location: 2F 1-1: Ball 2-1: Ground out 4-3 (Groundball, 34, EV 96.3 MPH)
|
| Bottom of the 2nd over - 1 run, 3 hits, 0 errors, 2 left on base; Manchester 4 - Lynn 1 |
| TOP OF THE 3RD |
|
Manchester Fisher Cats batting - Pitching for Lynn Sailors : RHP Donald Cline
|
|
Batting: LHB Jessie Reid
|
0-0: Foul Ball, location: 2F 0-1: Ball 1-1: Foul Ball, location: 2F 1-2: Foul Ball, location: 2F 1-2: Strikes out swinging
|
|
Batting: LHB Herbert Orensky
|
0-0: Called Strike 0-1: Called Strike 0-2: Ball 1-2: Foul Ball, location: 2F 1-2: Ball 2-2: Ground out 4-3 (Groundball, 4, EV 87.5 MPH)
|
|
Batting: SHB Danny Hernandez
|
0-0: Called Strike 0-1: Ball 1-1: Foul Ball, location: 2F 1-2: Ball 2-2: Fly out, F7 (Flyball, 78D, EV 91.9 MPH)
|
| Top of the 3rd over - 0 runs, 0 hits, 0 errors, 0 left on base; Manchester 4 - Lynn 1 |
| BOTTOM OF THE 3RD |
|
Lynn Sailors batting - Pitching for Manchester Fisher Cats : RHP Mark Dacko
|
|
Batting: RHB Mike Rubel
|
0-0: Foul Ball, location: 2F 0-1: Foul Ball, location: 2F 0-2: Ground out 5-3 (Groundball, 56, EV 81.3 MPH)
|
|
Batting: RHB Ken Gerhart
|
0-0: Ball 1-0: Called Strike 1-1: Ball 2-1: Fly out, F7 (Flyball, 7LM, EV 101.3 MPH)
|
|
Batting: RHB Mike Reddish
|
0-0: Ground out 6-3 (Groundball, 6, EV 86.9 MPH)
|
| Bottom of the 3rd over - 0 runs, 0 hits, 0 errors, 0 left on base; Manchester 4 - Lynn 1 |
| TOP OF THE 4TH |
|
Manchester Fisher Cats batting - Pitching for Lynn Sailors : RHP Donald Cline
|
|
Batting: RHB Kevin Darst
|
0-0: Swinging Strike 0-1: Swinging Strike 0-2: Ball 1-2: Strikes out looking
|
|
Batting: RHB Randy Johnson
|
0-0: Foul Ball, location: 2F 0-1: Ball 1-1: Ground out 6-3 (Groundball, 6, EV 86.3 MPH)
|
|
Batting: RHB Reymundo Estevez
|
0-0: Called Strike 0-1: Foul Ball, location: 2F 0-2: SINGLE (Groundball, 56S, EV 66.9 MPH) (infield hit)
|
|
Batting: LHB Carlos Cabassa
|
0-0: Ball 1-0: Ball Reymundo Estevez steals 2nd base 2-0: Swinging Strike 2-1: Ball 3-1: Swinging Strike 3-2: Foul Ball, location: 2F 3-2: Strikes out swinging
|
| Top of the 4th over - 0 runs, 1 hit, 0 errors, 1 left on base; Manchester 4 - Lynn 1 |
| BOTTOM OF THE 4TH |
|
Lynn Sailors batting - Pitching for Manchester Fisher Cats : RHP Mark Dacko
|
|
Batting: LHB Tony Merulla
|
0-0: Ball 1-0: Foul Ball, location: 2F 1-1: Ball 2-1: SOLO HOME RUN (Flyball, 9D, EV 95.6 MPH), Distance : 386 ft
|
|
Batting: RHB Vinny Jaramillo
|
0-0: Foul Ball, location: 2F 0-1: Swinging Strike 0-2: Ball 1-2: Foul Ball, location: 2F 1-2: SINGLE (Groundball, 4D, EV 97.5 MPH)
|
|
Batting: SHB Danny Gans
|
0-0: Called Strike 0-1: Ground out 4-3 (Groundball, 34, EV 110.6 MPH) Vinny Jaramillo to second
|
|
Batting: RHB Ezequiel Carrasco
|
0-0: Called Strike 0-1: Ball 1-1: Ball 2-1: Ball 3-1: Foul Ball, location: 2F 3-2: Foul Ball, location: 2F 3-2: Foul Ball, location: 2F 3-2: Ground out 5-3 (Groundball, 56S, EV 68.1 MPH) Vinny Jaramillo to third
|
|
Batting: RHB Ron Wotus
|
0-0: Ball 1-0: Foul Ball, location: 2F 1-1: Ball 2-1: SINGLE (Flyball, 7LS, EV 87.5 MPH) Vinny Jaramillo scores
|
|
Batting: RHB Jorge Hinojosa
|
0-0: Ball 1-0: Fly out, F8 (Line Drive, 8RD, EV 97.5 MPH)
|
| Bottom of the 4th over - 2 runs, 3 hits, 0 errors, 1 left on base; Manchester 4 - Lynn 3 |
| TOP OF THE 5TH |
|
Manchester Fisher Cats batting - Pitching for Lynn Sailors : RHP Donald Cline
|
|
Batting: LHB Tim Derryberry
|
0-0: Called Strike 0-1: Ball 1-1: Ball 2-1: Foul Ball, location: 2F 2-2: Ground out 4-3 (Groundball, 4M, EV 81.9 MPH)
|
|
Batting: SHB Stan Javier
|
0-0: Fly out, F7 (Line Drive, 7, EV 92.5 MPH)
|
|
Batting: LHB Jessie Reid
|
0-0: Fly out, F4 (Popup, 4, EV 71.3 MPH)
|
| Top of the 5th over - 0 runs, 0 hits, 0 errors, 0 left on base; Manchester 4 - Lynn 3 |
| BOTTOM OF THE 5TH |
|
Lynn Sailors batting - Pitching for Manchester Fisher Cats : RHP Mark Dacko
|
|
Batting: RHB Mike Rubel
|
0-0: Ball 1-0: Foul Ball, location: 2F 1-1: Foul Ball, location: 2F 1-2: Strikes out swinging
|
|
Batting: RHB Ken Gerhart
|
0-0: Fly out, F7 (Flyball, 7LM, EV 85.0 MPH)
|
|
Batting: RHB Mike Reddish
|
0-0: Foul Ball, location: 2F 0-1: Ball 1-1: Ball 2-1: SINGLE (Flyball, 8LS, EV 93.8 MPH)
|
|
Batting: LHB Tony Merulla
|
0-0: Ball 1-0: Called Strike 1-1: Swinging Strike 1-2: Fly out, F6 (Popup, 6D, EV 55.6 MPH)
|
| Bottom of the 5th over - 0 runs, 1 hit, 0 errors, 1 left on base; Manchester 4 - Lynn 3 |
| TOP OF THE 6TH |
|
Manchester Fisher Cats batting - Pitching for Lynn Sailors : RHP Donald Cline
|
|
Batting: LHB Herbert Orensky
|
0-0: Called Strike 0-1: Ball 1-1: Ball 2-1: Foul Ball, location: 2F 2-2: Foul Ball, location: 2F 2-2: Foul Ball, location: 2F 2-2: Foul Ball, location: 2F 2-2: Foul Ball, location: 2F 2-2: Ball 3-2: Hit by Pitch
|
|
Batting: SHB Danny Hernandez
|
0-0: Sac Bunt to 3S - play at first, batter OUT! 3-1 Herbert Orensky to second
|
|
Batting: RHB Kevin Darst
|
0-0: Ball 1-0: Called Strike 1-1: Swinging Strike 1-2: Foul Ball, location: 2F 1-2: Strikes out swinging
|
|
Batting: RHB Randy Johnson
|
0-0: Intentional Walk
|
|
Batting: RHB Reymundo Estevez
|
0-0: Ball 1-0: Ball 2-0: Foul Ball, location: 2F 2-1: Foul Ball, location: 2F 2-2: Ground out 3-1 (Groundball, 34, EV 85.0 MPH)
|
| Top of the 6th over - 0 runs, 0 hits, 0 errors, 2 left on base; Manchester 4 - Lynn 3 |
| BOTTOM OF THE 6TH |
|
Lynn Sailors batting - Pitching for Manchester Fisher Cats : RHP Mark Dacko
|
|
Batting: RHB Vinny Jaramillo
|
0-0: Fly out, F8 (Flyball, 78D, EV 80.6 MPH)
|
|
Batting: SHB Danny Gans
|
0-0: Swinging Strike 0-1: Swinging Strike 0-2: Ball 1-2: Foul Ball, location: 2F 1-2: Ball 2-2: Strikes out swinging
|
|
Batting: RHB Ezequiel Carrasco
|
0-0: Fly out, F3 (Popup, 23F, EV 81.3 MPH)
|
| Bottom of the 6th over - 0 runs, 0 hits, 0 errors, 0 left on base; Manchester 4 - Lynn 3 |
| TOP OF THE 7TH |
|
Manchester Fisher Cats batting - Pitching for Lynn Sailors : RHP Donald Cline
|
|
Pitching: RHP Dennis Sandoval
|
|
|
Batting: LHB Carlos Cabassa
|
0-0: Called Strike 0-1: Ball 1-1: SINGLE (Groundball, 6MD, EV 98.8 MPH)
|
|
Batting: LHB Tim Derryberry
|
0-0: Bunted foul 0-1: Sac Bunt to 15 - play at first, batter OUT! 1-4 Carlos Cabassa to second
|
|
Batting: SHB Stan Javier
|
0-0: Intentional Walk
|
|
Batting: LHB Jessie Reid
|
0-0: Ball 1-0: Fielders Choice at 2nd, 4-6 (Groundball, 4M, EV 97.5 MPH) Carlos Cabassa to third
|
|
Batting: LHB Herbert Orensky
|
0-0: Ball 1-0: Foul Ball, location: 2F 1-1: Foul Ball, location: 2F 1-2: Fly out, F8 (Flyball, 8LS, EV 88.8 MPH)
|
| Top of the 7th over - 0 runs, 1 hit, 0 errors, 2 left on base; Manchester 4 - Lynn 3 |
| BOTTOM OF THE 7TH |
|
Lynn Sailors batting - Pitching for Manchester Fisher Cats : RHP Mark Dacko
|
|
Batting: RHB Ron Wotus
|
0-0: Foul Ball, location: 2F 0-1: Ground out 5-3 (Groundball, 56, EV 108.1 MPH)
|
|
Batting: RHB Jorge Hinojosa
|
0-0: Fly out, F8 (Flyball, 8RXD, EV 104.4 MPH)
|
|
Batting: RHB Mike Rubel
|
0-0: Ball 1-0: Foul Ball, location: 2F 1-1: Ball 2-1: Foul Ball, location: 2F 2-2: Foul Ball, location: 2F 2-2: Ball 3-2: Strikes out looking
|
| Bottom of the 7th over - 0 runs, 0 hits, 0 errors, 0 left on base; Manchester 4 - Lynn 3 |
| TOP OF THE 8TH |
|
Manchester Fisher Cats batting - Pitching for Lynn Sailors : RHP Dennis Sandoval
|
|
Batting: SHB Danny Hernandez
|
0-0: Ball 1-0: Called Strike 1-1: Ball 2-1: SINGLE (Flyball, 78S, EV 93.1 MPH)
|
|
Batting: RHB Kevin Darst
|
0-0: Ball 1-0: Swinging Strike 1-1: Ball 2-1: Fly out, F9 (Flyball, 89D, EV 100.0 MPH)
|
|
Batting: RHB Randy Johnson
|
0-0: Ball 1-0: Ball 2-0: Called Strike 2-1: Called Strike 2-2: Foul Ball, location: 2F 2-2: Grounds into double play, 4-6-3 (Groundball, 34, EV 103.1 MPH)
|
| Top of the 8th over - 0 runs, 1 hit, 0 errors, 0 left on base; Manchester 4 - Lynn 3 |
| BOTTOM OF THE 8TH |
|
Lynn Sailors batting - Pitching for Manchester Fisher Cats : RHP Mark Dacko
|
|
Pitching: RHP Stephen Marsden
|
|
|
Now at C: Buddy Pryor
|
|
|
Now at 1B: Joe Citari
|
|
|
Now in RF: Mel Hall
|
|
|
Batting: RHB Ken Gerhart
|
0-0: Swinging Strike 0-1: Ball 1-1: Foul Ball, location: 2F 1-2: Foul Ball, location: 2F 1-2: SINGLE (Groundball, 15S, EV 74.4 MPH) (infield hit)
|
|
Batting: RHB Mike Reddish
|
0-0: Foul Ball, location: 2F 0-1: Called Strike 0-2: Strikes out swinging
|
|
Batting: LHB Tony Merulla
|
0-0: Called Strike 0-1: Ball 1-1: Ball 2-1: Swinging Strike 2-2: Foul Ball, location: 2F 2-2: Ball 3-2: Grounds into double play, 6-4-3 (Groundball, 6, EV 84.4 MPH)
|
| Bottom of the 8th over - 0 runs, 1 hit, 0 errors, 0 left on base; Manchester 4 - Lynn 3 |
| TOP OF THE 9TH |
|
Manchester Fisher Cats batting - Pitching for Lynn Sailors : RHP Dennis Sandoval
|
|
Pitching: RHP Mike Walters
|
|
|
Batting: RHB Reymundo Estevez
|
0-0: Called Strike 0-1: Ball 1-1: Ground out 3-1 (Groundball, 34S, EV 86.9 MPH)
|
|
Batting: LHB Carlos Cabassa
|
0-0: Ball 1-0: Foul Ball, location: 2F 1-1: Foul Ball, location: 2F 1-2: Ball 2-2: Ground out U3 (Groundball, 3, EV 77.5 MPH)
|
|
Batting: LHB Tim Derryberry
|
0-0: Ground out U3 (Groundball, 3L, EV 92.5 MPH)
|
| Top of the 9th over - 0 runs, 0 hits, 0 errors, 0 left on base; Manchester 4 - Lynn 3 |
| BOTTOM OF THE 9TH |
|
Lynn Sailors batting - Pitching for Manchester Fisher Cats : RHP Stephen Marsden
|
|
Pitching: RHP Chris Davis
|
|
|
Now in LF: Mike Ciampa
|
|
|
Now in CF: Paul Croft
|
|
|
Batting: RHB Vinny Jaramillo
|
0-0: Called Strike 0-1: Ground out 6-3 (Groundball, 56S, EV 73.1 MPH)
|
|
Batting: SHB Danny Gans
|
0-0: Called Strike 0-1: Ball 1-1: Fly out, F5 (Popup, 5S, EV 86.3 MPH)
|
|
Batting: RHB Ezequiel Carrasco
|
0-0: Called Strike 0-1: Swinging Strike 0-2: Ground out 6-3 (Groundball, 6, EV 80.0 MPH)
|
| Bottom of the 9th over - 0 runs, 0 hits, 0 errors, 0 left on base; Manchester 4 - Lynn 3 |
|